 Dungeon Crawl Stone Soup version 0.19-a0-1882-gbb73ea0 (webtiles) character file.

69188 graki42 the Bludgeoner (level 14, -6/117 HPs)
             Began as a Minotaur Fighter on Oct 14, 2016.
             Was the Champion of Trog.
             Killed by the air
             ... invoked by a wind drake
              (14 damage)
             ... on level 1 of the Shoals.
             The game lasted 01:02:33 (20049 turns).

graki42 the Bludgeoner (Minotaur Fighter)          Turns: 20049, Time: 01:02:34

Health: -6/117     AC: 26    Str: 24    XL:     14   Next: 89%
Magic:  15/15      EV: 11    Int: 11    God:    Trog [******]
Gold:   381        SH: 15    Dex: 16    Spells: 0 memorised, 13 levels left

rFire  + . .     SeeInvis .     E - +0 morningstar
rCold  . . .     Gourm    .     m - +0 plate armour {rPois}
rNeg   . . .     Faith    +     c - +0 shield
rPois  +         Spirit   .     (helmet unavailable)
rElec  .         Dismiss  .     b - +0 cloak of the Journeyman {rF+}
rCorr  .         Reflect  .     J - +1 pair of gloves
MR     +++..     Harm     .     k - +0 pair of boots {Fly}
Stlth  .......... Clarity  +    s - amulet of faith
                                X - ring of Iquagef {MR+ AC+5 Str+3 Int+3 Dex+2}
                                l - ring of protection from magic

@: exhausted, flying, slowed, very slow
A: retaliatory headbutt, horns 3, talons 1, thin skeletal structure 1, clarity,
frail 1
a: Berserk, Trog's Hand, Brothers in Arms, Burn Spellbooks, Renounce Religion,
Stop Flying


You were on level 1 of the Shoals.
You worshipped Trog.
Trog was exalted by your worship.
You were hungry.

You visited 4 branches of the dungeon, and saw 19 of its levels.

You collected 2107 gold pieces.
You spent 1726 gold pieces at shops.

Inventory:

Hand Weapons
 E - a +0 morningstar (weapon)
Missiles
 M - 4 throwing nets (quivered)
Armour
 b - the +0 cloak of the Journeyman (worn) {rF+}
   (You bought it in a shop on level 2 of the Orcish Mines)

   It protects you from fire.
 c - a +0 shield (worn)
 k - a +0 pair of boots of flying (worn)
 m - a +0 plate armour of poison resistance (worn)
 J - a +1 pair of gloves (worn)
Jewellery
 l - a ring of protection from magic (left hand)
 s - an amulet of faith (around neck)
 w - an uncursed ring of positive energy
 y - an uncursed ring of ice
 K - an uncursed ring of fire
 X - the ring of Iquagef (right hand) {MR+ AC+5 Str+3 Int+3 Dex+2}
   (You found it on level 8 of the Dungeon)

   [ring of protection]

   It affects your AC (+5).
   It affects your strength (+3).
   It affects your intelligence (+3).
   It affects your dexterity (+2).
   It affects your resistance to hostile enchantments.
Wands
 x - a wand of digging (3/24)
 V - a wand of hasting (6/9)
Scrolls
 e - 4 scrolls of remove curse
 r - a scroll of blinking
 v - 5 scrolls of magic mapping
 B - 5 scrolls of teleportation
Potions
 d - 3 potions of might
 h - 8 potions of curing
 q - 3 potions of agility
 u - 4 potions of heal wounds
 L - a potion of haste
Books
 O - a book of Enchantments

   Spells                             Type                      Level
   a - Cause Fear                     Hexes                        4
   b - Yara's Violent Unravelling     Hexes/Transmutation          5
   c - Silence                        Hexes/Air                    5
   d - Deflect Missiles               Charms/Air                   6
   e - Discord                        Hexes                        8
   Trog disapproves of the use of such an item.
Miscellaneous
 j - a phantom mirror
 I - a phial of floods
Comestibles
 a - 3 chunks of flesh
 f - 15 bread rations


   Skills:
 + Level 13.7 Fighting
 + Level 17.2 Maces & Flails
 + Level 3.0 Throwing
 + Level 13.0 Armour
 + Level 6.4 Dodging
 - Level 0.1 Stealth
 + Level 15.6 Shields
 + Level 2.7 Evocations


You had 13 spell levels left.
You didn't know any spells.

Dungeon Overview and Level Annotations

Branches:
Dungeon (10/15)            Temple (0/1) D:6            Lair (6/6) D:10
 Shoals (1/4) Lair:4        Snake (0/4) Lair:2        Slime (0/5) Lair:5
    Orc (2/2) D:10            Elf (0/3) Orc:2

Altars:
Elyvilon
Makhleb
Trog
Beogh
Jiyva

Shops:
D:5 *   D:9 *   Orc:2 %([[:   Shoals:1 **%

Portals:
Hell: Lair:6


Innate Abilities, Weirdness & Mutations

You reflexively headbutt those who attack you in melee.
You have a pair of large horns on your head.
You have sharp toenails.
You have a somewhat thin skeletal structure. (Dex +2, Stealth)
You possess an exceptional clarity of mind.
You are frail. (-10% HP)


Message History

As you read the scroll of teleportation, it crumbles to dust.
You feel strangely unstable.
A sea snake comes into view.
Your surroundings suddenly seem different.
You start resting.
Eating one of 3 chunks of flesh.
You start eating one of the 3 chunks of flesh.
Keep eating? [Y]es or [N]o only, please.
Keep eating? [Y]es or [N]o only, please.
Keep eating? [Y]es or [N]o only, please.
Keep eating?
You stop eating.
The wind drake hisses angrily.
The wind drake exhales a fierce blast of wind!
You are blown backwards!
The wind drake flaps its wings at you.
The air twists around and violently strikes you in flight!
You die...

≈≈≈ ≈≈≈≈≈ ≈≈≈≈≈≈≈≈≈≈≈≈≈≈≈≈
≈≈≈≈≈≈≈≈≈≈≈≈≈≈≈≈≈≈≈≈≈≈≈≈≈
≈≈≈≈≈≈≈≈≈≈≈≈≈≈≈≈≈≈≈≈≈≈≈..
≈≈..≈....≈≈≈≈≈≈≈≈.≈....≈
≈....... ≈≈≈≈≈≈≈≈≈≈...
......# ≈≈≈≈≈≈≈≈≈..#
......##.≈≈≈≈≈≈≈≈..≈###...
.........≈≈≈≈≈≈≈@≈≈≈.k.≈.#
...≈..≈≈≈≈≈≈≈≈≈≈≈≈≈≈...≈≈.
..≈≈≈≈≈≈≈≈≈≈≈≈≈≈≈......≈≈≈
..(..≈≈≈≈≈≈≈≈≈≈........≈≈≈
..>..≈≈..[..≈≈.........≈≈≈
...............##.###....≈
.(........#...≈.#..# #....
...?......##..≈≈...## .##.
..........##..≈≈≈....


You could see a wind drake.

Vanquished Creatures
  Nikola (Shoals:1)
  Gastronok (Lair:3)
  An orc warlord (Orc:2)
  A stone giant (Orc:1)
  2 dire elephants (Lair:6)
  An ettin (Orc:1)
  Snorg (Lair:3)
  Fannar (Lair:3)
  2 hydras
  An orc high priest (Orc:2)
  A sun demon (Lair:6)
  A sea snake (Shoals:1)
  A wizard (Lair:6)
  2 hill giants (D:10)
  The ghost of Philosophy the Basher, a novice MiBe of Trog (D:6)
  An orc knight (Orc:1)
  3 orc sorcerers (Orc:2)
  A faun (Shoals:1)
  2 manticores (Shoals:1)
  A cyclops (Shoals:1)
  A centaur zombie (D:10)
  6 black mambas
  22 elephants
  A smoke demon (Lair:6)
  Psyche (D:8)
  Joseph (D:7)
  8 spiny frogs
  3 orange demons (Lair:6)
  A gargoyle (D:10)
  2 rime drakes
  5 komodo dragons
  A hellwing (Lair:6)
  An ice devil (Lair:6)
  3 red devils (Lair:6)
  A two-headed ogre (Orc:2)
  3 trolls
  A polar bear (Lair:5)
  Prince Ribbit (D:6)
  25 blink frogs
  11 hippogriffs
  2 dream sheep (Shoals:1)
  A snapping turtle (Shoals:1)
  22 yaks
  A wyvern (Lair:2)
  A hungry ghost (D:8)
  A water elemental (Shoals:1)
  A basilisk (Lair:4)
  Grum (D:8)
  4 wargs
  10 water moccasins
  2 hell hounds (Lair:6)
  35 orc warriors
  7 porcupines
  3 ice beasts
  10 ogres
  A phantom (D:6)
  16 wolves
  10 centaurs
  8 crocodiles
  12 bullfrogs
  2 gnoll sergeants
  A scorpion (D:4)
  11 wights (D:8)
  A bullfrog zombie (D:7)
  2 crimson imps
  25 orc priests
  17 orc wizards
  A bullfrog skeleton (D:8)
  3 hounds
  4 iguanas
  4 jellies
  A centaur skeleton (D:9)
  Ijyb (D:3)
  A hell rat (Lair:6)
  2 worker ants
  2 killer bee zombies
  A hound skeleton (D:4)
  8 gnolls
  10 adders
  3 shadow imps
  An adder zombie (D:9)
  3 worms
  4 dart slugs
  6 leopard geckos
  96 orcs
  4 ball pythons
  5 bats
  6 giant cockroaches
  5 hobgoblins
  6 jackals
  10 kobolds
  5 quokkas
  8 frilled lizards
  A giant cockroach zombie (D:5)
  6 goblins
  A leopard gecko zombie (D:7)
  6 rats
545 creatures vanquished.

Vanquished Creatures (others)
  A snapping turtle (Shoals:1)
  2 fungi
  A plant (Lair:4)
4 creatures vanquished.

Grand Total: 549 creatures vanquished

Notes
Turn   | Place    | Note
-------+----------+-------------------------------------------
     0 | D:1      | graki42 the Minotaur Fighter began the quest for the Orb.
     0 | D:1      | Reached XP level 1. HP: 19/19 MP: 0/0
    93 | D:1      | Reached XP level 2. HP: 26/27 MP: 1/1
   418 | D:1      | Reached XP level 3. HP: 33/33 MP: 2/2
   907 | D:2      | Reached skill level 3 in Maces & Flails
  1009 | D:2      | Found a faded altar of an unknown god.
  1025 | D:2      | Became a worshipper of Trog the Wrathful
  1025 | D:2      | Reached * piety under Trog
  1180 | D:3      | Noticed Ijyb
  1205 | D:3      | Killed Ijyb
  1205 | D:3      | Reached XP level 4. HP: 39/40 MP: 3/3
  1292 | D:3      | Gained mutation: You possess an exceptional clarity of mind. [potion of mutation]
  1292 | D:3      | Gained mutation: You have sharp toenails. [potion of mutation]
  1292 | D:3      | Gained mutation: You are frail. (-10% HP) [potion of mutation]
  1518 | D:3      | Noticed an ice beast
  1527 | D:3      | Killed an ice beast
  1527 | D:3      | Reached skill level 4 in Maces & Flails
  1527 | D:3      | Reached skill level 5 in Shields
  1527 | D:3      | Reached XP level 5. HP: 42/42 MP: 4/4
  1538 | D:3      | Reached ** piety under Trog
  1708 | D:3      | Reached skill level 1 in Dodging
  1954 | D:4      | Noticed an ogre
  1968 | D:4      | Killed an ogre
  1968 | D:4      | Reached XP level 6. HP: 44/47 MP: 5/5
  2064 | D:4      | Reached skill level 5 in Armour
  2069 | D:4      | Reached skill level 5 in Maces & Flails
  2313 | D:4      | Reached XP level 7. HP: 25/54 MP: 6/6
  2598 | D:4      | Reached skill level 5 in Fighting
  2998 | D:4      | Reached *** piety under Trog
  3177 | D:5      | Entered Level 5 of the Dungeon
  3211 | D:5      | Reached skill level 6 in Maces & Flails
  3573 | D:5      | Found Pottig's General Store.
  4376 | D:5      | Reached XP level 8. HP: 57/62 MP: 7/7
  4744 | D:6      | Reached skill level 7 in Maces & Flails
  4747 | D:6      | Reached **** piety under Trog
  4765 | D:6      | Noticed Prince Ribbit
  4866 | D:6      | Killed Prince Ribbit
  4866 | D:6      | Reached skill level 8 in Maces & Flails
  4898 | D:6      | Noticed Philosophy's ghost (novice MiBe)
  4905 | D:6      | Killed Philosophy's ghost
  4905 | D:6      | Reached skill level 9 in Maces & Flails
  4905 | D:6      | Reached XP level 9. HP: 67/67 MP: 8/8
  5300 | D:6      | Found a staircase to the Ecumenical Temple.
  5647 | D:7      | Gained mutation: You are very frail. (-20% HP) [potion of mutation]
  6088 | D:7      | Reached skill level 10 in Maces & Flails
  6279 | D:7      | Noticed Joseph
  6281 | D:7      | Paralysed by Joseph for 4 turns
  6291 | D:7      | Killed Joseph
  6745 | D:7      | Reached ***** piety under Trog
  6809 | D:8      | Reached skill level 11 in Maces & Flails
  6969 | D:8      | Noticed Grum
  6979 | D:8      | Killed Grum
  6979 | D:8      | Reached XP level 10. HP: 58/68 MP: 9/9
  7176 | D:8      | Noticed Psyche
  7182 | D:8      | Killed Psyche
  7660 | D:8      | Received a gift from Trog
  7752 | D:8      | Got a translucent granite ring
  7850 | D:9      | Found Odocwaud's Elemental Accessories.
  7932 | D:9      | Reached skill level 12 in Maces & Flails
  8246 | D:9      | Identified the ring of Iquagef {MR+ AC+5 Str+3 Int+3 Dex+2} (You found it on level 8 of the Dungeon)
  8663 | D:10     | Entered Level 10 of the Dungeon
  8749 | D:10     | Found a staircase to the Orcish Mines.
  8824 | D:10     | Noticed a hill giant
  8829 | D:10     | Killed a hill giant
  8918 | D:10     | Noticed a hill giant
  8928 | D:10     | Killed a hill giant
  9066 | D:10     | Noticed an elephant
  9066 | D:10     | Found a staircase to the Lair.
  9082 | D:10     | Killed an elephant
  9193 | D:10     | Reached XP level 11. HP: 71/76 MP: 10/10
  9312 | D:10     | Reached skill level 10 in Shields
  9707 | Lair:1   | Entered Level 1 of the Lair of Beasts
 10005 | Lair:1   | Reached skill level 13 in Maces & Flails
 10005 | Lair:1   | Reached skill level 10 in Armour
 10005 | Lair:1   | Reached skill level 5 in Dodging
 10005 | Lair:1   | Reached XP level 12. HP: 84/84 MP: 10/13
 10240 | Lair:1   | Reached skill level 10 in Fighting
 10896 | Lair:2   | Gained mutation: You have a somewhat thin skeletal structure. (Dex +2, Stealth) [potion of mutation]
 10896 | Lair:2   | Lost mutation: You are very frail. (-20% HP) [potion of mutation]
 10896 | Lair:2   | Gained mutation: You have a pair of large horns on your head. [potion of mutation]
 10976 | Lair:2   | You fall through a shaft!
 11287 | Lair:2   | Found a staircase to the Snake Pit.
 11752 | Lair:3   | Reached skill level 14 in Maces & Flails
 12055 | Lair:3   | Noticed Fannar
 12072 | Lair:3   | Killed Fannar
 12367 | Lair:3   | Noticed Gastronok
 12381 | Lair:3   | Killed Gastronok
 12381 | Lair:3   | Received a gift from Trog
 12616 | Lair:3   | Noticed Snorg
 12625 | Lair:3   | Killed Snorg
 12676 | Lair:3   | Found a white marble altar of Elyvilon.
 13241 | Lair:4   | Reached XP level 13. HP: 102/104 MP: 14/14
 13580 | Lair:4   | Found a staircase to the Shoals.
 13631 | Lair:4   | Reached skill level 15 in Maces & Flails
 14685 | Lair:5   | Found a staircase to the Slime Pits.
 14685 | Lair:5   | Found a viscous altar of Jiyva.
 14750 | Lair:5   | Received a gift from Trog
 15599 | Lair:6   | Entered Level 6 of the Lair of Beasts
 15722 | Lair:6   | Reached skill level 16 in Maces & Flails
 15837 | Lair:6   | Noticed a dire elephant
 15848 | Lair:6   | Killed a dire elephant
 15873 | Lair:6   | Noticed a dire elephant
 15906 | Lair:6   | Killed a dire elephant
 16311 | Lair:6   | Found a burning altar of Makhleb.
 16367 | Lair:6   | Reached XP level 14. HP: 114/114 MP: 15/15
 16428 | Lair:6   | Found a gateway to Hell.
 16985 | Lair:6   | Received a gift from Trog
 17317 | Orc:1    | Entered Level 1 of the Orcish Mines
 17532 | Orc:1    | Noticed a stone giant
 17555 | Orc:1    | Killed a stone giant
 18124 | Orc:2    | Entered Level 2 of the Orcish Mines
 18124 | Orc:2    | Found a staircase to the Elven Halls.
 18140 | Orc:2    | Received a gift from Trog
 18291 | Orc:2    | Found a roughly hewn altar of Beogh.
 18354 | Orc:2    | Found a roughly hewn altar of Beogh.
 18380 | Orc:2    | Found Suptuta's Book Emporium.
 18450 | Orc:2    | Noticed an orc warlord
 18508 | Orc:2    | Killed an orc warlord
 18516 | Orc:2    | Reached skill level 15 in Shields
 18634 | Orc:2    | Reached skill level 17 in Maces & Flails
 18953 | Orc:2    | Found Raareudgh's Antique Weapon Shoppe.
 18954 | Orc:2    | Found a roughly hewn altar of Beogh.
 18955 | Orc:2    | Found Cytwub's Antique Armour Emporium.
 18974 | Orc:2    | Bought a smoking cloak for 304 gold pieces
 18984 | Orc:2    | Identified the cursed +0 cloak of the Journeyman {rF+} (You bought it in a shop on level 2 of the Orcish Mines)
 19117 | Orc:2    | Found a roughly hewn altar of Beogh.
 19138 | Orc:2    | Found Ekar's Antique Armour Emporium.
 19143 | Orc:2    | Bought a pair of glowing boots for 378 gold pieces
 19143 | Orc:2    | Bought a glowing plate armour for 1044 gold pieces
 19212 | Orc:2    | Received a gift from Trog
 19292 | Orc:2    | Reached ****** piety under Trog
 19302 | Orc:2    | Found Tepuoh's Food Shoppe.
 19377 | Orc:2    | Found a roughly hewn altar of Beogh.
 19399 | Orc:2    | Found a roughly hewn altar of Beogh.
 19482 | Orc:2    | Found a roughly hewn altar of Beogh.
 19707 | Shoals:1 | Entered Level 1 of the Shoals
 19756 | Shoals:1 | Found Dotipsya's Assorted Antiques.
 19757 | Shoals:1 | Found Wesomp's Food Boutique.
 20025 | Shoals:1 | Noticed Nikola
 20027 | Shoals:1 | Found Xarphaho's General Store.
 20035 | Shoals:1 | HP: 7/174 [Nikola/rapier of electrocution (17)]
 20042 | Shoals:1 | Killed Nikola
 20049 | Shoals:1 | Killed from afar by a wind drake

Vault maps used:
D:1:      dpeg_arrival_arbitrary_a, roderic_curled_sauvastika
D:2:      ecumenical_altar_2, minmay_tetromino_l4
D:3:      serial_curves, eino_curves_03, eino_curves_04, uniq_iyjb
D:5:      first_bread, serial_shops, nicolae_shop_crystal
D:6:      hangedman_decor_lopped, uniq_prince_ribbit1
D:7:      minmay_misc_feat_ornament, grunt_ogre_cave, serial_park_tiny_pond,
          uniq_joseph
D:8:      uniq_grum, uniq_psyche
D:9:      nicolae_elemental_shop
D:10:     david_lair_generic, david_orc_2
Lair:1:   lemuel_fruit_tree
Lair:2:   dummy_snake_entry
Lair:3:   lemuel_centaur_altar, uniq_fannar, uniq_gastronok, uniq_snorg
Lair:4:   elwin_shoals_entry_rocks
Lair:5:   slime_altar_1
Lair:6:   evil_forest
Shoals:1: serial_shops, shop, nicolae_shop_statue_plus, shop, shop, uniq_louise,
          uniq_nikola
Orc:2:    grunt_orc_community_town_hall, grunt_orc_community_big_house_1,
          grunt_orc_community_big_house_2, grunt_orc_community_house_3,
          grunt_orc_community_house_2, grunt_orc_community_house_3,
          grunt_orc_community_house_1, serial_shops, nicolae_shop_statue_plus

Skill      XL: |  1  2  3  4  5  6  7  8  9 10 11 12 13 14 |
---------------+-------------------------------------------+-----
Armour         | 4 5 7 8 9 10 11 12 13 | 13.0
Shields        | 4 5 6 7 8 9 10 12 13 15 | 15.6
Fighting       | 4 5 6 7 8 9 11 12 13 | 13.7
Maces & Flails | 3 4 5 6 9 11 12 13 14 16 17 | 17.2
Dodging        | 1 2 3 4 5 6 |  6.4
Throwing       | 3 |  3.0
Evocations     | 2 |  2.7
Stealth        | |  0.1

Action                   |  1- 3 |  4- 6 |  7- 9 | 10-12 | 13-15 || total
-------------------------+-------+-------+-------+-------+-------++-------
Melee: Flail             |   122 |   124 |    95 |       |       ||   341
       Headbutt          |    22 |    19 |    45 |   101 |   285 ||   472
       Kick              |       |    17 |    75 |   148 |   330 ||   570
       Morningstar       |       |       |   183 |   294 |   900 ||  1377
       Demon whip        |       |       |       |   135 |       ||   135
Invok: Berserk           |       |       |     8 |     6 |    16 ||    30
       Trog's Hand       |       |       |       |       |     2 ||     2
  Use: Scroll            |       |     3 |     2 |    15 |    11 ||    31
       Potion            |       |     1 |     1 |     8 |     2 ||    12
  Eat: Chunk             |     1 |     3 |    21 |    25 |    37 ||    87
       Pizza             |       |       |     1 |       |       ||     1
       Fruit             |       |       |       |     3 |     1 ||     4
Armor: Scale mail        |    63 |    57 |    97 |    19 |       ||   236
       Plate armour      |       |       |       |   129 |   316 ||   445
       Chain mail        |       |       |       |       |    20 ||    20
Dodge: Dodged            |    34 |    50 |    96 |   106 |   243 ||   529
Block: Shield            |    60 |    69 |   118 |   250 |   592 ||  1089
